 Dungeon Crawl Stone Soup version 0.31-a0-151-ge443d1f16c (webtiles) character file.

Game seed: 15604457747589557218

109 qw the Shooter (level 4, -2/28 HPs)
             Began as a Gargoyle Hunter on June 8, 2023.
             Slain by an ogre
             ... wielding a +0 giant spiked club
              (14 damage)
             ... on level 5 of the Dungeon.
             The game lasted 00:00:43 (1749 turns).

qw the Shooter (Gargoyle Hunter)                    Turns: 1749, Time: 00:00:44

Health: -2/28      AC:  8    Str: 14    XL:     4   Next: 90%
Magic:  4/4        EV: 10    Int: 10    God:
Gold:   144        SH:  0    Dex: 15    Spells: 3/3 levels left

rFire   . . .        Y - +1 shortbow
rCold   . . .        (shield currently unavailable)
rNeg    + . .        d - +0 ring mail
rPois   inf          (no helmet)
rElec   +            (no cloak)
rCorr   .            (no gloves)
SInv    +            (no boots)
Will    .....        (no amulet)
Stlth   +            b - ring of see invisible
HPRegen 0.24/turn    (no ring)
MPRegen 0.09/turn

%: no passive effects
@: no status effects
A: sickness immunity, AC +3, negative energy resistance 1, electricity
resistance, torment resistance 1, petrification resistance
a: no special abilities


You were on level 5 of the Dungeon.
You visited 2 branches of the dungeon, and saw 5 of its levels.

You collected 144 gold pieces.


Innate Abilities, Weirdness & Mutations

You are immune to sickness and miasma.
Your stone body is resilient. (AC +3)
You are immune to poison.
You resist negative energy. (rN+)
You are resistant to electric shocks. (rElec)
You are resistant to unholy torment.
You are immune to petrification.


   Skills:
 - Level 3.0 Fighting
 + Level 5.5 Ranged Weapons
 - Level 1.1 Armour
 - Level 1.5 Dodging
 - Level 1.1 Stealth


You had 3 spell levels left.
You didn't know any spells.
Your spell library was empty.

Inventory:

Hand Weapons
 Y - a +1 shortbow (weapon)
Armour
 d - a +0 ring mail (worn)
Jewellery
 b - a ring of see invisible (left hand)
Scrolls
 f - a scroll of identify
Potions
 a - a potion of resistance
 c - a potion of heal wounds

Dungeon Overview and Level Annotations

Branches:
Dungeon (5/15)             Temple (1/1) D:5

Altars:
Dithmenos
Elyvilon
Nemelex Xobeh
Ru
Trog
Vehumet
Wu Jian
Xom
Zin
The Shining One


Message History

An ogre comes into view. It is wielding a +0 giant spiked club.
The ogre shouts!
Enter note:
Enter note:
Enter note:
Enter note: You shoot an arrow.
The arrow hits the ogre.
The ogre is lightly wounded.
You shoot an arrow. The arrow hits the ogre.
The ogre is moderately wounded.
You shoot an arrow. The arrow hits the ogre.
The ogre is moderately wounded.
The ogre hits you with a +0 giant spiked club!
Ouch! That really hurt!
You shoot an arrow. The arrow hits the ogre.
The ogre is heavily wounded.
The ogre closely misses you.
You shoot an arrow. The arrow closely misses the ogre.
The ogre hits you with a +0 giant spiked club.
You shoot an arrow. The arrow hits the ogre.
The ogre is heavily wounded.
You shoot an arrow. The arrow hits the ogre.
The ogre is heavily wounded.
The ogre barely misses you.
You shoot an arrow. The arrow hits the ogre.
The ogre is severely wounded.
The ogre barely misses you.
You shoot an arrow. The arrow barely misses the ogre.
The ogre completely misses you.
You shoot an arrow. The arrow hits the ogre.
The ogre is almost dead.
The ogre barely misses you.
You shoot an arrow. The arrow hits the ogre.
The ogre is almost dead.
You shoot an arrow.
The arrow hits the ogre but does no damage.
The ogre is almost dead.
The ogre hits you with a +0 giant spiked club!
Ouch! That really hurt!
You die...

#...............#
#...................##.
..........#.....#.....
8.8.8.....###..###...##
..............8.#.....
8.8.8.###..^........#
.......##...##8#....#
}.8.8.##8.8.8.8#O...+
................@...#
}...####......8...###
.!### #....}......+
#..####8......8.###
##.......}.>.}..#
##.....8......8.#
#.......8..}......#
#.............8##.#
..........8.#.## ...


You could see an ogre.

Vanquished Creatures
  An iguana (D:4)
  3 adders
  6 ball pythons
  4 bats
  5 endoplasms
  A giant cockroach (D:2)
  6 goblins
  6 hobgoblins
  4 jackals (D:1)
  4 quokkas
  4 frilled lizards
  4 kobolds (D:1)
  4 rats (D:1)
52 creatures vanquished.

Notes
Turn   | Place    | Note
-------+----------+-------------------------------------------
     0 | D:1      | qw the Gargoyle Hunter began the quest for the Orb.
     0 | D:1      | Reached XP level 1. HP: 12/12 MP: 1/1
     0 | D:1      | 0 ||| qw: Version: 0.2-a-120-gdf1a93b
     0 | D:1      | 0 ||| qw: Game counter: 3104
     0 | D:1      | 0 ||| qw: Always use a shield: true
     0 | D:1      | 0 ||| qw: God list: Okawaru
     0 | D:1      | 0 ||| qw: Allow faded altars: false
     0 | D:1      | 0 ||| qw: Do Orc after D:15 true
     0 | D:1      | 0 ||| qw: Do second Lair branch before Depths: true
     0 | D:1      | 0 ||| qw: Lair rune preference: random
     0 | D:1      | 0 ||| qw: Plans: Normal
     0 | D:1      | 0 ||| PLANNING D:1-11
    22 | D:1      | Found a white marble altar of Elyvilon.
   115 | D:1      | Reached XP level 2. HP: 17/17 MP: 2/2
   433 | D:1      | Reached XP level 3. HP: 21/21 MP: 3/3
   489 | D:1      | Reached skill level 5 in Ranged Weapons
   795 | D:1      | 795 ||| UPGRADING to +0 ring mail.
   805 | D:1      | 805 ||| DROPPING +0 leather armour.
   806 | D:1      | 806 ||| READING 3 scrolls labelled JUBIOG KUPOELE.
   807 | D:1      | 807 ||| READING 2 scrolls labelled TETOUX TIGHOMM.
   808 | D:1      | 808 ||| READING scroll labelled WOVVAI YHUSM.
   809 | D:1      | 809 ||| READING scroll labelled BIULOBB ITILA.
   810 | D:1      | 810 ||| DROPPING 2 scrolls of noise.
   811 | D:1      | 811 ||| DROPPING scroll of butterflies.
   927 | D:2      | Reached skill level 1 in Armour
   993 | D:2      | Reached skill level 3 in Fighting
   993 | D:2      | Reached XP level 4. HP: 26/28 MP: 4/4
  1435 | D:2      | You fall into a shaft and drop 2 floors!
  1435 | D:4      | Found a glowing silver altar of Zin.
  1444 | D:4      | 1444 ||| UPGRADING to ring of see invisible.
  1445 | D:4      | 1445 ||| READING 4 scrolls of identify.
  1445 | D:4      | 1445 ||| IDENTIFYING amethyst potion
  1446 | D:4      | 1446 ||| READING 3 scrolls of identify.
  1446 | D:4      | 1446 ||| IDENTIFYING inky potion
  1447 | D:4      | 1447 ||| READING 2 scrolls of identify.
  1447 | D:4      | 1447 ||| IDENTIFYING murky emerald potion
  1448 | D:4      | 1448 ||| DROPPING potion of enlightenment.
  1450 | D:5      | Entered Level 5 of the Dungeon
  1455 | D:5      | Found a sparkling altar of Nemelex Xobeh.
  1471 | D:5      | 1471 ||| READING 2 scrolls of identify.
  1471 | D:5      | 1471 ||| IDENTIFYING coppery potion
  1472 | D:5      | 1472 ||| DROPPING potion of lignification.
  1476 | D:5      | Found a staircase to the Ecumenical Temple.
  1480 | D:5      | 1480 ||| PLANNING TEMPLE
  1480 | D:5      | 1480 ||| STAIRDANCE
  1579 | Temple   | Entered the Ecumenical Temple
  1729 | Temple   | 1729 ||| PLANNING D:1-11
  1735 | D:5      | Noticed an ogre
  1749 | D:5      | Slain by an ogre

Levels and vault maps discovered:
D:1:      sevenhm_arrival_forest_fort_small_6, layout_basic, hex_intersection,
          dreamdust_princess_corridor, nicolae_concentric_dashed_squares_mild,
          st_stairs_2
D:2:      layout_basic
D:4:      layout_rooms, kennysheep_ying_yang, nicolae_overflow_hidden_temple,
          mainiacjoe_overflow_small_starburst, serial_rivers,
          chequers_serial_rivers_micro_d, chequers_serial_rivers_room_a,
          chequers_serial_rivers_micro_a, chequers_serial_rivers_large_a,
          chequers_serial_rivers_small_3
D:5:      nicolae_cairo_tiling_large, layout_cave_pools,
          lemuel_coloured_pillars_altar, nemelex_xobeh_ov_fountains_minmay,
          nicolae_overflow_crystal_walls, temple_fountains, serial_column_ruins,
          column_ruins_pillar_9, column_ruins_pillar_1, column_ruins_pillar_7,
          column_ruins_pillar_6, column_ruins_pillar_9, column_ruins_pillar_2,
          column_ruins_pillar_4, column_ruins_pillar_4, column_ruins_pillar_12,
          column_ruins_pillar_2, column_ruins_pillar_11, column_ruins_pillar_1,
          column_ruins_pillar_5, column_ruins_pillar_2, column_ruins_pillar_4,
          column_ruins_pillar_6, column_ruins_pillar_1, column_ruins_pillar_7
Temple:   nicolae_temple_bog_church

Skill      XL: |  1  2  3 |
---------------+----------+-----
Ranged Weapons | 5 |  5.5
Armour         | 1 |  1.1
Fighting       | 3 |  3.0
Dodging        | |  1.5
Stealth        | |  1.1

Action                     |  1- 3 |  4- 6 || total
---------------------------+-------+-------++-------
   Fire: Shortbow          |   119 |    41 ||   160
    Use: Scroll            |     4 |     4 ||     8
 Armour: Leather armour    |    14 |       ||    14
         Ring mail         |     4 |     4 ||     8
  Dodge: Dodged            |    33 |    12 ||    45

Table legend:
 A = Non-vault XP
 B = Vault XP
 C = Vault XP percentage of total XP
 D = Non-vault monster count
 E = Vault monster count
 F = Vault count percentage of total count
                 A         B        C        D         E       F
            +---------+---------+-------+---------+---------+-------
      Total |     152 |       5 |   3.2 |      49 |       3 |   5.8
            +---------+---------+-------+---------+---------+-------
        D:1 |      51 |       5 |   8.9 |      31 |       3 |   8.8
        D:2 |      51 |       0 |   0.0 |      15 |       0 |   0.0
        D:4 |      50 |       0 |   0.0 |       3 |       0 |   0.0
            +---------+---------+-------+---------+---------+-------
